 Dungeon Crawl Stone Soup version 0.19.5 (webtiles) character file.

28 equalderp2856 the Ducker (level 3, -3/15 HPs)
             Began as a Felid Ice Elementalist on Apr 1, 2017.
             Killed by miscasting Summon Ice Beast (18 damage)
             ... on level 1 of the Dungeon.
             The game lasted 00:05:24 (2400 turns).

equalderp2856 the Ducker (Felid Ice Elementalist)   Turns: 2400, Time: 00:05:25

Health: -3/15      AC:  1    Str:  4    XL:     3   Next: 0%
Magic:  3/7        EV: 19    Int: 16    God:
Gold:   84         SH:  0    Dex: 17    Spells: 3 memorised, 0 levels left
                                        Lives:  0   Deaths: 1

rFire  . . .     SeeInvis +     (weapon unavailable)
rCold  . . .     Gourm    .     (armour unavailable)
rNeg   . . .     Faith    .     (shield unavailable)
rPois  .         Spirit   .     (helmet unavailable)
rElec  .         Reflect  .     (cloak unavailable)
rCorr  .         Harm     .     (gloves unavailable)
MR     .....                    (boots unavailable)
Stlth  +++.......               (no amulet)
                                (no ring)
                                (no ring)

@: very slightly contaminated, quick
A: no armour, no weapons or thrown items, stealth, claws 1, fangs 3, see
invisible, carnivore 3, speed 1, shaggy fur 1, slow metabolism 1, sharp paws
a: no special abilities


You were on level 1 of the Dungeon.
You were not hungry.

You visited 1 branch of the dungeon, and saw 3 of its levels.

You collected 84 gold pieces.

Inventory:

Scrolls
 c - a scroll of enchant weapon {unknown}
 j - a scroll of teleportation {unknown}
 l - a scroll of identify {unknown}
 m - a scroll of magic mapping {unknown}
 n - a scroll of recharging {unknown}
Potions
 d - 2 potions of ambrosia {unknown}
 e - a potion of cure mutation {unknown}
 f - 2 potions of degeneration {unknown}
 g - 2 potions of curing {unknown}
 h - 3 potions of lignification {unknown}
 i - a potion of berserk rage {unknown}
 k - 2 potions of brilliance {unknown}
 o - a potion of might {unknown}
Books
 a - a book of Frost

   Spells                             Type                      Level
   a - Freeze                         Ice                          1
   b - Throw Frost                    Conjuration/Ice              2
   c - Ozocubu's Armour               Charms/Ice                   3
   d - Throw Icicle                   Conjuration/Ice              4
   e - Summon Ice Beast               Ice/Summoning                4
Comestibles
 b - 2 meat rations


   Skills:
 * Level 1.1 Fighting
 + Level 4.3 Dodging
 + Level 4.2 Stealth
 + Level 0.4 Unarmed Combat
 - Level 2.0 Spellcasting
 + Level 0.8 Conjurations
 - Level 2.6 Ice Magic


You couldn't memorise any spells.
You knew the following spells:

 Your Spells              Type           Power        Failure   Level  Hunger
a - Freeze                Ice            ##..         10%         1    #......
b - Throw Frost           Conj/Ice       #.....       17%         2    ###....
c - Summon Ice Beast      Ice/Summ       #.......     96%         4    #####..


Dungeon Overview and Level Annotations

Branches:
Dungeon (3/15)

Altars:
Xom

Annotations:
D:2 Natasha


Innate Abilities, Weirdness & Mutations

You cannot wear armour.
You are incapable of wielding weapons or throwing items.
Your paws allow you to move quietly. (Stealth)
You have sharp claws.
You have razor-sharp teeth.
You have supernaturally acute eyesight. (SInv)
You are carnivorous and can eat meat at any time.
You cover ground quickly.
You are covered in fur. (AC +1)
You have a slow metabolism.
Your sharp claws are effective at attacking unaware monsters.


Message History

You are very lightly contaminated with residual magic.
Something appears in a flash of light!
There is a stone staircase leading up here.
The shadow imp hits you.
You climb upwards.
There is a stone staircase leading down here.
You start resting.
HP restored.
You start resting.
Magic restored.
There is a stone staircase leading down here.
There is an open door here.
Casting: Summon Ice Beast
Confirm with . or Enter, or press ? or * to list all spells.
The spell is very dangerous to cast!
Continue anyway?
You miscast Summon Ice Beast.
You are caught in an explosion of ice and frost!
The explosion engulfs you!
Ouch! That really hurt!
You die...

#.# #.....#.#.# #.#
#.....#.#.# #.#
#.....#.#.# #.#
#.....#.#.#
#.########.....#.#.#
#........'.....#.#.#
##########.....#.#.###
.......# #.....#.#...#
######.#######.#@###.#
#..............#.# #.#
#.####.#########.# #.#
#.# #...........# #.#
..#########'###'## #.#
..##.....#...#...# #.#
..##.#.#.#...#.>.# #.#
..##.#.#.#...#...# #.#
..##.#...#.<.#.>.# #†#


There were no monsters in sight!

Vanquished Creatures
  2 adders (D:2)
  An ooze (D:1)
  2 dart slugs (D:1)
  2 leopard geckos (D:1)
  An orc (D:3)
  3 giant cockroaches (D:2)
  7 hobgoblins
  6 bats
  3 frilled lizards (D:1)
  4 goblins
  3 kobolds
  5 rats
39 creatures vanquished.

Notes
Turn   | Place    | Note
-------+----------+-------------------------------------------
     0 | D:1      | equalderp2856 the Felid Ice Elementalist began the quest for the Orb.
     0 | D:1      | Reached XP level 1. HP: 7/7 MP: 4/4
   135 | D:1      | Found a shimmering altar of Xom.
   200 | D:1      | Reached XP level 2. HP: 11/11 MP: 3/6
   591 | D:1      | Learned a level 2 spell: Throw Frost
  1469 | D:2      | Reached XP level 3. HP: 14/14 MP: 5/7
  1842 | D:2      | Noticed Natasha
  1951 | D:2      | Reached skill level 1 in Fighting
  2169 | D:3      | Reached XP level 4. HP: 18/19 MP: 5/8
  2211 | D:2      | Learned a level 4 spell: Summon Ice Beast
  2221 | D:2      | Noticed a small abomination
  2350 | D:2      | Noticed a Tzitzimitl
  2354 | D:2      | Killed from afar by a Tzitzimitl
  2355 | D:2      | Reached XP level 3. HP: -13/15 MP: 4/7
  2400 | D:1      | Killed by miscasting Summon Ice Beast

Skill      XL: |  1  2  3 |
---------------+----------+-----
Dodging        | 3 4 |  4.3
Stealth        | 3 4 |  4.2
Fighting       | 1 |  1.1
Unarmed Combat | |  0.4
Spellcasting   | |  2.0
Conjurations   | |  0.8
Ice Magic      | |  2.6

Action                   |  1- 3 |  4- 6 || total
-------------------------+-------+-------++-------
Melee: Unarmed           |    19 |       ||    19
       Bite              |     1 |       ||     1
 Cast: Freeze            |    58 |     1 ||    59
 Stab: Sleeping          |     3 |       ||     3
  Eat: Chunk             |     6 |       ||     6
Armor: Skin              |     4 |       ||     4
Dodge: Dodged            |    69 |       ||    69
